 Dungeon Crawl Stone Soup version 0.18.1-5-g4a78601 (webtiles) character file.

2595 Jerry the Cruncher (level 9, 68/68 HPs)
             Began as a Minotaur Gladiator on May 14, 2016.
             Was a Believer of Pakellas.
             Quit the game on level 7 of the Dungeon.
             The game lasted 00:25:28 (6377 turns).

Jerry the Cruncher (Minotaur Gladiator)             Turns: 6377, Time: 00:25:29

Health: 68/68      AC: 18    Str: 24    XL:     9   Next: 33%
Magic:  8/8        EV: 11    Int:  5    God:    Pakellas [**....]
Gold:   338        SH:  0    Dex:  7    Spells: 0 memorised, 8 levels left

rFire  + . .     SeeInvis .     L - staff of fire
rCold  . . .     Gourm    .     x - +0 scale mail (curse)
rNeg   . . .     Faith    .     (no shield)
rPois  .         Spirit   .     c - +0 hat
rElec  .         Dismiss  .     s - +0 cloak
rCorr  .         Reflect  .     n - +1 pair of gloves
SustAt .         Harm     .     r - +0 pair of boots
MR     .....                    (no amulet)
Stlth  ..........               N - +4 ring of protection
                                K - -3 ring of dexterity (curse)

@: not resistant to hostile enchantments, extremely unstealthy
A: retaliatory headbutt, horns 2
a: Quick Charge, Renounce Religion


You were on level 7 of the Dungeon.
You worshipped Pakellas.
Pakellas was pleased with you.
You were hungry.

You visited 2 branches of the dungeon, and saw 8 of its levels.

You collected 338 gold pieces.

Inventory:

Hand Weapons
 a - a +1 quarterstaff
Missiles
 H - 8 tomahawks of dispersal (quivered)
Armour
 c - a +0 hat (worn)
 i - a +0 ring mail
 n - a +1 pair of gloves (worn)
 r - a +0 pair of boots (worn)
 s - a +0 cloak (worn)
 x - a cursed +0 scale mail (worn)
 E - the cursed +1 robe of Verphuje {-Cast MR+++ Regen+ Stlth+, unknown}
   (You found it on level 6 of the Dungeon)

   It affects your resistance to hostile enchantments.
   It prevents spellcasting.
   It increases your rate of regeneration.
   It makes you more stealthy.
   It has a curse placed upon it.
 G - a +0 leather armour of poison resistance
Magical Staves
 L - an uncursed staff of fire (weapon)
Jewellery
 K - a cursed -3 ring of dexterity (left hand)
 N - a +4 ring of protection (right hand)
Wands
 D - a wand of confusion (5/48)
 P - a wand of lightning (7/15)
 R - a wand of flame (25/48)
Scrolls
 e - 9 scrolls of identify
 h - 3 scrolls of immolation
 y - 5 scrolls of blinking
 z - 3 scrolls of recharging
 C - a scroll of teleportation
 M - a scroll of fog
 T - a scroll of summoning {unknown}
Potions
 b - a potion of cure mutation {unknown}
 j - 2 potions of might {unknown}
 k - 3 potions of heal wounds
 m - a potion of brilliance
 o - 3 potions of curing
 p - 2 potions of degeneration {unknown}
 t - a potion of lignification {unknown}
 u - a potion of magic {unknown}
 A - 3 potions of flight {unknown}
 B - a potion of resistance {unknown}
 F - a potion of berserk rage {unknown}
 S - a potion of mutation {unknown}
Books
 d - a book of Conjurations

   Spells                             Type                      Level
   a - Magic Dart                     Conjuration                  1
   b - Searing Ray                    Conjuration                  2
   c - Dazzling Spray                 Conjuration/Hexes            3
   d - Fulminant Prism                Conjuration/Hexes            4
   e - Iskenderun's Mystic Blast      Conjuration                  4
   f - Iskenderun's Battlesphere      Conjuration/Charms           5
 I - a Grand Grimoire

   Spells                             Type                      Level
   a - Monstrous Menagerie            Summoning                    7
   b - Summon Greater Demon           Summoning                    7
   c - Malign Gateway                 Summoning/Translocation      7
   d - Summon Horrible Things         Summoning                    8
Miscellaneous
 J - a phantom mirror
Comestibles
 f - 6 bread rations
 g - 2 beef jerkies
 l - a royal jelly
 q - 2 slices of pizza
 v - 5 fruits
 w - 2 meat rations


   Skills:
 - Level 2.4 Fighting
 + Level 11.1 Staves
 - Level 2.0 Throwing
 + Level 10.6 Armour
 - Level 3.2 Dodging


You had 8 spell levels left.
You didn't know any spells.

Dungeon Overview and Level Annotations

Branches:
Dungeon (7/15)             Temple (1/1) D:5

Altars:
Ashenzari
Cheibriados
Dithmenos
Elyvilon
Fedhas
Gozag
Kikubaaqudgha
Makhleb
Nemelex Xobeh
Okawaru
Pakellas
Qazlal
Ru
Sif Muna
Trog
Vehumet
Xom
Yredelemnul
Zin
The Shining One


Innate Abilities, Weirdness & Mutations

You reflexively headbutt those who attack you in melee.
You have a pair of horns on your head.


Message History

Done exploring.
Search for what [Enter for "."]? .
Read which item? (? for menu, Esc to quit)
Okay, then.
Read which item? (? for menu, Esc to quit)
As you read the scroll labeled BIEHAY MAYLERE, it crumbles to dust.
A profound silence engulfs you.
It was a scroll of silence.
You are feeling hungry.
Read which item? (? for menu, Esc to quit)
Okay, then.
You start waiting.
Your hearing returns.
Read which item? (? for menu, Esc to quit)
As you read the scroll labeled MOKABL LEL NUX, it crumbles to dust.
It is a scroll of enchant weapon.
Enchant which weapon? (? for menu, Esc to quit)
Your +0 quarterstaff glows red for a moment.
Read which item? (? for menu, Esc to quit)
Done exploring.
Are you sure you want to abandon this character and quit the game? (Confirm with "yes".)

#....####.# #.###. #.<..#
#.# #..##. ##.### #.###
##.).. ##.# #...#### ####.
##..# ###....## ##. #..##
####..######## #.. #.##
#..........# #.. #.#
#..........# ### ##.#
#@.........# # #..#
#######..........# #
##.#######................#
#
#..........#####..........#
# ############ ############
# # # # #


There were no monsters in sight!

Vanquished Creatures
  The ghost of Zeloya the Cudgeler, an amateur KoFi (D:3)
  Eustachio (D:6)
  Edmund (D:4)
  2 orc warriors
  A phantom (D:7)
  A black bear (D:3)
  2 sky beasts (D:7)
  3 ogres
  2 centaurs
  3 big kobolds (D:6)
  2 giant frogs (D:7)
  A crimson imp (D:6)
  6 orc wizards
  A giant frog skeleton (D:4)
  2 hounds
  A centaur skeleton (D:4)
  4 orc priests
  An iguana (D:4)
  Natasha (twice) (D:2)
  3 worker ants
  A howler monkey zombie (D:5)
  4 gnolls (D:4)
  A howler monkey skeleton (D:5)
  8 adders
  An ooze (D:7)
  2 adder skeletons
  2 worms
  10 dart slugs
  5 giant geckos
  25 orcs
  A ball python (D:1)
  5 giant cockroaches
  5 goblins
  6 hobgoblins
  9 jackals
  A quokka (D:6)
  9 bats
  2 giant gecko skeletons
  4 giant newts
  7 kobolds
  A quokka zombie (D:6)
  2 rats (D:3)
151 creatures vanquished.

Notes
Turn   | Place    | Note
--------------------------------------------------------------
     0 | D:1      | Jerry the Minotaur Gladiator began the quest for the Orb.
     0 | D:1      | Reached XP level 1. HP: 18/18 MP: 0/0
   240 | D:1      | Reached skill level 4 in Staves
   240 | D:1      | Reached skill level 1 in Armour
   249 | D:1      | Reached XP level 2. HP: 23/25 MP: 1/1
   832 | D:2      | Reached XP level 3. HP: 30/30 MP: 2/2
   996 | D:2      | Noticed Natasha
  1001 | D:2      | Killed Natasha
  1001 | D:2      | Reached XP level 4. HP: 34/37 MP: 3/3
  1047 | D:2      | Reached skill level 5 in Staves
  1321 | D:2      | Noticed Natasha
  1336 | D:2      | Killed Natasha
  1961 | D:3      | Reached XP level 5. HP: 34/42 MP: 4/4
  2056 | D:3      | Found a blossoming altar of Fedhas.
  2170 | D:3      | Noticed Zeloya's ghost (amateur KoFi)
  2184 | D:3      | Killed Zeloya's ghost
  2184 | D:3      | Reached skill level 6 in Staves
  2184 | D:3      | Reached skill level 5 in Armour
  2184 | D:3      | Reached XP level 6. HP: 41/50 MP: 5/5
  2587 | D:4      | Reached skill level 7 in Staves
  2623 | D:4      | Reached XP level 7. HP: 45/56 MP: 6/6
  2842 | D:4      | Noticed Edmund
  2862 | D:4      | Killed Edmund
  2898 | D:4      | Reached skill level 8 in Staves
  2938 | D:4      | Found an oddly glowing altar of Pakellas.
  2942 | D:4      | Became a worshipper of Pakellas the Inventive
  3056 | D:5      | Entered Level 5 of the Dungeon
  3355 | D:5      | Reached * piety under Pakellas
  3355 | D:5      | Received a gift from Pakellas
  3620 | D:5      | Found a staircase to the Ecumenical Temple.
  3628 | Temple   | Entered the Ecumenical Temple
  3872 | D:5      | Reached XP level 8. HP: 62/62 MP: 7/7
  4476 | D:5      | Reached skill level 9 in Staves
  4827 | D:6      | Found a shimmering altar of Xom.
  4836 | D:6      | Got a fabulously ornate robe
  5072 | D:6      | Noticed Eustachio
  5090 | D:6      | Killed Eustachio
  5090 | D:6      | Reached skill level 10 in Staves
  5160 | D:6      | Reached ** piety under Pakellas
  5160 | D:6      | Received a gift from Pakellas
  5600 | D:7      | Reached XP level 9. HP: 68/68 MP: 8/8
  5625 | D:7      | Reached skill level 10 in Armour
  5981 | D:7      | Reached skill level 11 in Staves
  6377 | D:7      | Quit the game

Skill      XL: |  1  2  3  4  5  6  7  8  9 |
---------------+----------------------------+-----
Staves         | 4 5 6 7 8 10 11 | 11.1
Armour         | 1 2 3 5 6 7 9 10 | 10.6
Fighting       | |  2.4
Throwing       | |  2.0
Dodging        | |  3.2

Action                   |  1- 3 |  4- 6 |  7- 9 || total
-------------------------+-------+-------+-------++-------
Melee: Quarterstaff      |    45 |   114 |   264 ||   423
       Headbutt          |     6 |    21 |    59 ||    86
       Whip              |       |    11 |       ||    11
       Staff             |       |       |    47 ||    47
Throw: Throwing net      |       |       |     5 ||     5
  Use: Scroll            |       |     9 |     6 ||    15
 Stab: Held in net/web   |       |       |     3 ||     3
  Eat: Chunk             |       |     5 |    12 ||    17
Armor: Leather armour    |     2 |       |       ||     2
       Ring mail         |    13 |    30 |       ||    43
       Scale mail        |       |    36 |   120 ||   156
Dodge: Dodged            |    26 |    64 |   115 ||   205
